[Event "Bangabandhu Premier Div League 2022"]
[Site "Dhaka"]
[Date "2022.12.02"]
[Round "3.5"]
[White "Shawket Bin, Osman Shaon"]
[Black "Md, Mesbah Uddin"]
[Result "1-0"]
[ECO "D02"]
[WhiteElo "2069"]
[BlackElo "1778"]
[Annotator "TA"]
[PlyCount "115"]
[EventDate "2022.12.01"]
[EventCountry "BAN"]
[SourceTitle "playchess.com"]
[Source "ChessBase"]
[SourceQuality "1"]
[TimeControl "40/5400+30:1800+30"]

1. d4 d5 2. Nf3 Nf6 3. c4 Bg4 4. Ne5 e6 5. Bg5 Bh5 6. Qb3 {[%emt 0:01:00] [#] D02: 1 d4 d5 2 Nf3 sidelines, including 2...Nf6 3 g3 and 2...Nf6 3 Bf4.} (6. cxd5 {seems wilder.} Qxd5 7. Nc3 Bb4 8. Qa4+) 6... Qc8 $146 ({Predecessor:} 6... Be7 7. Qh3 Nbd7 8. cxd5 exd5 9. g4 Bg6 10. Nxg6 fxg6 11. Nc3 c6 12. f3 h6 {1-0 (37) Villar,J (926)-Linart,L (878) LSS email 2012}) 7. cxd5 Nxd5 (7... exd5 $14 {feels stronger.} 8. Nc3 (8. Bxf6 gxf6 9. Nd3 c6 $14) 8... Bd6) 8. e4 $16 {[%emt 0:00:30] White is better.} Bb4+ (8... Nb4 $16 {keeps fighting.}) 9. Nd2 $18 Bxd2+ 10. Bxd2 (10. Kxd2 Nb6 $16) 10... Nb6 11. Qg3 O-O 12. Bh6 (12. Be2 $18 f6 13. Bxh5 fxe5 14. dxe5) 12... Bg6 $16 13. h4 (13. Nxg6 {simplifies} hxg6 14. Be3 Qd7 15. Rc1) 13... gxh6 (13... Nc6 $16) 14. h5 $18 {[%emt 0:00:00][%mdl 64] Pin} Kg7 15. hxg6 (15. Qf4 Bxe4 16. Qxe4 f5 $11) 15... hxg6 (15... fxg6 $18 16. Qh4 h5) 16. Ng4 {[%emt 0:01:30] White has more active pieces. The black rooks are badly placed.} (16. Qf4 $16 g5 17. Qf3 (17. Qh2 Rh8 $11)) 16... Qd8 17. O-O-O (17. Nxh6 $2 Qxd4 18. Be2 Qxb2 $19) 17... N8d7 (17... h5 $5 18. Ne5 Rh8 $11) 18. Rxh6 (18. d5 {is more complex.} Qe7 19. dxe6 Nf6 20. Nxf6 Qxf6 21. exf7 Rxf7 22. f3) 18... Qe7 (18... Nf6 $1 $11 19. Rh1 (19. Qe5 Nbd7 $11) 19... Nxg4 20. Qxg4 Qf6) 19. Be2 $16 (19. Qxc7 $2 Rac8 $19) 19... Rh8 20. Qe3 (20. Rdh1 $16 Rxh6 21. Rxh6) 20... Nf6 $1 $132 {[%emt 0:00:30][%mdl 2048] Black puts up resistance} 21. Rxh8 (21. Rdh1 $2 Nxg4 22. Bxg4 Nc4 $19) 21... Rxh8 (21... Nxg4 $5 22. Rh7+ (22. Bxg4 Rxh8 23. Kb1 c6 $11) 22... Kxh7 23. Bxg4 Rh8 $11) 22. Ne5 Nfd7 23. f4 c5 24. Nxd7 (24. Nf3 {is more complex.} cxd4 25. Qxd4+ Nf6 26. Kb1) 24... Nxd7 25. Bb5 cxd4 26. Qxd4+ Nf6 {Threatens to win with ...Qc7+.} 27. Kb1 $1 ({Don't play} 27. Qxa7 Qc7+ 28. Kb1 Qxf4 29. Qxb7 Qg4 $15) 27... a6 (27... Rc8 {looks sharper.} 28. e5 Nd5 29. g3 Qc5) 28. Bc4 Rc8 29. Bb3 Qc5 30. Qd3 Rc7 31. e5 Nh5 32. Qf3 Qc6 {[%emt 0:00:00] Prevents g4.} 33. Qe3 (33. Rf1 {simplifies} Qxf3 34. Rxf3 g5 35. f5) 33... Qxg2 34. f5 $1 exf5 (34... gxf5 $2 35. Rg1 $18) 35. e6 {[%emt 0:00:00] And now Qe5+ would win.} Qe4+ (35... Nf6 $11 36. exf7 Qe4+ 37. Qxe4 Nxe4) 36. Qxe4 $16 fxe4 {[%emt 0:00:00][%mdl 4096] Endgame KRB-KRN} 37. Rd7 Rc8 (37... Rxd7 $2 38. exd7 f5 39. d8=Q $18 (39. d8=R g5 $18)) (37... Rc5 $16 {was worth a try.}) 38. Rxf7+ $18 Kh6 39. e7 $1 {[%emt 0:03:00] Hoping for Rf8.} Re8 {[%emt 0:04:00] [#]} 40. Bd5 (40. Be6 $1 $16 {[%cal Re6d7] Black must now prevent Bd7.} e3 41. Kc1) 40... e3 $11 41. Kc2 Ng3 {[%emt 0:31:00] Strongly threatening ...Rc8+.} 42. Bxb7 {[%emt 0:00:00] aiming for Bc6.} Nf5 43. Bxa6 Rxe7 $2 {[%emt 0:00:00][%mdl 8192] White leaves nothing to chance now.} (43... Nxe7 $11 44. Bb5 {[#]} Nc6 $1) 44. Rxe7 $18 Nxe7 $11 {[%emt 0:00:00] KB-KN} 45. Kd3 Nd5 46. Bc4 Nb6 47. Bb3 Kg5 48. Kxe3 Kf5 49. a4 Ke5 50. a5 Nc8 51. Bc4 (51. Kd3 $142 {Kc4 is the strong threat.} Kd6 52. Kc4) 51... Kd6 (51... Nd6 $142 52. Be2 g5) 52. b4 $18 g5 (52... Ne7 $142 53. Kd2 g5) 53. Be2 (53. Kd4 $142 Ne7 54. b5) 53... Na7 (53... Kc6 $142 54. Kd3 Kb5 55. Kc3+ Kc6) 54. b5 Kc5 (54... Nc8 $18 55. Kd4 (55. b6 Nxb6 56. Kf2 Kc6 $11) 55... Ne7) 55. b6 {[%emt 0:00:00] White mates.} Nc6 56. b7 Nb8 57. a6 Kb6 {[%emt 0:00:00] [#]} 58. Bb5 $1 {[%emt 0:00:00][%mdl 512] Weighted Error Value: White=0.35/Black=0.35} 1-0

[Event "Bangabandhu Premier Div League 2022"]
[Site "Dhaka"]
[Date "2022.12.02"]
[Round "3.6"]
[White "Muthaiah AL"]
[Black "Aaryan Varshney"]
[Result "1-0"]
[ECO "D02"]
[WhiteElo "2454"]
[BlackElo "2312"]
[Annotator "TA"]
[PlyCount "131"]
[EventDate "2022.11.30"]
[EventType "team-tourn"]
[EventCountry "BAN"]
[SourceTitle "playchess.com"]
[Source "ChessBase"]
[SourceQuality "1"]
[TimeControl "40/5400+30:1800+30"]

1. d4 d5 2. Bf4 Nf6 3. e3 c5 4. Nf3 Nc6 5. Nbd2 Bg4 6. c3 e6 7. Qb3 {[%emt 0:04:57] D02: 1 d4 d5 2 Nf3 sidelines, including 2...Nf6 3 g3 and 2...Nf6 3 Bf4.} Qc8 8. Ne5 Nxe5 9. Bxe5 {[%emt 0:02:04] The position is equal.} c4 10. Qa4+ Qd7 11. Qxd7+ Nxd7 12. Bf4 b5 13. e4 Nb6 14. h4 {[%emt 0:05:36] Black should prevent f3.} Bh5 15. f3 {[%emt 0:08:02] [#] Black must now prevent g4.} f5 {[%emt 0:03:14] Prevents g4.} ({Black should try} 15... h6 $11) 16. exf5 $14 exf5 17. Be2 {[%emt 0:00:21][%cal Bf1e2,Be2d1,Bd1c2][%mdl 32] [#]} Be7 $146 ({Predecessor:} 17... b4 18. Kf2 Kd7 19. g4 Bf7 20. cxb4 Bxb4 21. gxf5 Na4 22. Rab1 Bd6 23. Bxd6 Kxd6 {1-0 (60) Shyam,S (2518)-Aditya,M (2486) Delhi 2022}) 18. Nf1 O-O 19. Ne3 Be8 20. Kd2 Bc6 21. h5 b4 22. Bd1 Bd7 23. g3 Rac8 24. Bc2 Rf7 25. Rae1 Bf8 26. a3 {[%emt 0:00:14] White is more active.} b3 27. Bb1 Na4 28. Kc1 (28. Nd1 {simplifies} Rc6 29. Re5 Nb6 30. Re2) 28... Bxa3 29. bxa3 Nxc3 30. Bd6 {[%emt 0:01:17][%cal Bf4d6,Bd6c5,Bc5d4][%mdl 32] And now Bb4 would win.} Nb5 $2 {[%emt 0:01:46] [#] This costs Black the game.} (30... a5 $1 $14) 31. Bc5 $1 $18 c3 32. Nxd5 b2+ 33. Kc2 Nxd4+ 34. Bxd4 Ba4+ 35. Kd3 c2 36. Nc3 ({Not} 36. Bxb2 cxb1=R 37. Rxb1 Rd7 $11) 36... c1=Q 37. Rxc1 {[%emt 0:00:00] Chess con chili.} bxc1=Q 38. Rxc1 {[%emt 0:00:00] aiming for Ba2.} Bb3 39. f4 Rfc7 40. Be5 Rc6 41. Kd2 Be6 42. Bd3 Rd8 {[%emt 0:00:29] Threatens to win with ...Bc4.} 43. Ke3 Rdc8 44. a4 Kf7 $2 (44... a6 {is a better defense.} 45. a5 g6 46. hxg6 hxg6) 45. Bb5 Rc5 46. Bd4 {[%emt 0:00:00] Against a5} R5c7 47. Ba6 {[%emt 0:00:00] Against a5} Re8 {[%emt 0:00:18] Strongly threatening ...Bc8+.} 48. Be5 Rc5 49. Kd4 Rc6 50. Bb5 Rd8+ 51. Ke3 Rc5 52. Bd4 Rc7 53. Ne2 Re7 54. Be5 g6 (54... Rc8 $142 55. Rxc8 Bxc8) 55. Nd4 Bd5 (55... Rc8 $142) 56. hxg6+ hxg6 57. Nc6 Bxc6 58. Rxc6 g5 59. Rf6+ Kg8 60. Rg6+ Kh7 61. Rxg5 Rd1 62. Bd3 Kh6 63. Rxf5 ({Weaker is} 63. Bxf5 Rxe5+ 64. Kf2 Red5 $16) 63... Rd7 64. Rf6+ {[%emt 0:00:00] White mates.} Kg7 65. Rd6+ Kf7 66. Rxd7+ {[%emt 0:00:00] Weighted Error Value: White=0.11 (very precise) /Black=0.35} 1-0

[Event "Bangabandhu Premier Div League 2022"]
[Site "Dhaka"]
[Date "2022.12.02"]
[Round "3.6"]
[White "Mohammad, Shameem"]
[Black "Mendonca, Leon Luke"]
[Result "0-1"]
[ECO "A31"]
[WhiteElo "1892"]
[BlackElo "2565"]
[Annotator "TA"]
[PlyCount "88"]
[EventDate "2022.12.01"]
[EventCountry "BAN"]
[SourceTitle "playchess.com"]
[Source "ChessBase"]
[SourceQuality "1"]
[TimeControl "40/5400+30:1800+30"]

1. d4 Nf6 2. c4 c5 3. Nf3 cxd4 4. Nxd4 b6 5. Nc3 Bb7 6. Bf4 g6 $5 {[%emt 0:00:30][%mdl 4] [#] A promising side line. A31: Symmetrical English: 2 Nf3 Nf6 3 d4.} 7. Qd3 $146 ({Predecessor:} 7. Ndb5 Na6 8. e4 Bg7 9. Bd3 O-O 10. O-O Nc5 11. Re1 a6 12. Nd4 Ng4 13. Nf3 e5 14. Bg5 {½-½ (27) Aguilar,A (2338)-Torres,F (2187) Villa Tehuelches 2019}) 7... Bg7 8. Bxb8 (8. e4 $11) 8... Qxb8 $17 {[%emt 0:00:00] Black is better.} 9. Nf3 O-O 10. g3 (10. e3 $142) 10... Ng4 (10... Rd8 $17 {White must now prevent ...d5.} 11. Bg2 d5) 11. Bg2 {[%emt 0:00:00] [#]} ({White should play} 11. Bh3 $15 Bxf3 12. exf3) 11... Ne5 $1 $36 {[%emt 0:00:00][%mdl 2048] Keeping White busy. Black is more active.} 12. Nxe5 Bxg2 {[%emt 0:00:00] A strong pair of Bishops.} 13. Rg1 Qxe5 14. Rxg2 Qa5 15. Rc1 Qb4 16. b3 {[%emt 0:00:00] [#]} d5 $1 {[%emt 0:00:00] Threatens to win with ...d4.} 17. Kf1 dxc4 18. Qxc4 Qa3 19. Nb5 $2 {[%emt 0:00:00] Loses the game.} (19. Ne4 $17) 19... Qxa2 $19 20. Rg1 Bb2 21. Rc2 (21. b4 $142 Qa4 22. Nc3) 21... Rac8 $1 22. Qxc8 Rxc8 {[%emt 0:00:00] Black is clearly winning.} 23. Rxc8+ Kg7 24. Kg2 Qxb3 25. Nxa7 Qa4 26. Nc6 Qe4+ 27. Kf1 Qe6 28. Na7 Qd7 {[%emt 0:00:00] Inhibits Rd8.} 29. Kg2 Qxa7 30. Rc2 Bd4 31. Rd1 Bc5 32. Rdc1 Bd6 33. Rb1 Qb7+ 34. Kg1 b5 35. e3 b4 36. Rcb2 Qd5 37. h4 Qc4 38. Kg2 h5 39. Kf3 f6 40. Kg2 Qe4+ 41. Kg1 g5 42. hxg5 fxg5 43. Rd1 h4 44. gxh4 Qg4+ {[%emt 0:00:00] Weighted Error Value: White=0.59/Black=0.19 (very precise)} 0-1

[Event "Bangabandhu Premier Div League 2022"]
[Site "Dhaka"]
[Date "2022.12.02"]
[Round "3.7"]
[White "Iniyan, P."]
[Black "Abdul, Momin"]
[Result "1-0"]
[ECO "D53"]
[WhiteElo "2534"]
[BlackElo "1900"]
[Annotator "TA"]
[PlyCount "63"]
[EventDate "2022.12.01"]
[EventCountry "BAN"]
[SourceTitle "playchess.com"]
[Source "ChessBase"]
[SourceQuality "1"]
[TimeControl "40/5400+30:1800+30"]

1. d4 d5 2. c4 e6 3. Nc3 Nf6 4. cxd5 exd5 5. Bg5 Be7 6. e3 Nbd7 7. Bd3 a6 {[%emt 0:02:00] 7...c6 is the modern continuation.} 8. Nf3 c5 {[%emt 0:00:30] [#] D53: Queen's Gambit Declined: 4 Bg5 Be7: Early deviations.} 9. Bc2 $146 ({Predecessor:} 9. dxc5 Nxc5 10. O-O Nxd3 11. Qxd3 Be6 12. Rad1 O-O 13. Bxf6 Bxf6 14. Nxd5 Bxd5 15. Qxd5 Qxd5 16. Rxd5 Bxb2 {1-0 (45) Vizzotto,B (2050)-Cavalheiro,P (1232) Sao Carlos 2019}) 9... c4 10. Ne5 Qc7 (10... h6 $14 11. Bf4 Qb6) 11. Nxd7 $16 {[%emt 0:00:00] White has more active pieces. The black rooks are badly placed.} Qxd7 ({Black should play} 11... Bxd7 12. Bxf6 Bxf6) 12. Bxf6 Bxf6 13. Qf3 b5 (13... Bd8 $16 {keeps fighting.} 14. O-O (14. Qxd5 Qxd5 15. Nxd5 Be6 $16) (14. Nxd5 Ba5+ 15. Ke2 O-O $16) 14... b5) 14. Nxd5 $18 (14. Qxd5 $6 Bb7 15. Qxd7+ Kxd7 $16) 14... Bb7 15. Nxf6+ gxf6 16. Qxf6 Rg8 17. Rg1 Rxg2 $2 (17... Qe7 18. Qxe7+ Kxe7) 18. Rxg2 Bxg2 19. f3 {[%emt 0:01:00] [#] Qh8+ is the strong threat.} (19. Bxh7 Qe7 20. Qh8+ Kd7 $18) (19. Qh8+ Ke7 20. Qe5+ (20. Qxh7 Qg4 $18) 20... Kf8 $18) 19... Rd8 $2 (19... Qe6 20. Qf4 Bh3) 20. Kf2 (20. Qxa6 Bxf3 21. Kd2 (21. Bxh7 Qg4 $11) 21... Bc6 $16) 20... Bh3 21. Rg1 Qe7 22. Qc6+ Qd7 23. Rg8+ Ke7 24. Qc5+ (24. Qxa6 $2 Rxg8 25. Bxh7 Rg2+ 26. Ke1 Qd6 27. Qxd6+ Kxd6 $19) 24... Qd6 25. Qg5+ ({Not} 25. Bxh7 Qxc5 26. dxc5 Rd2+ 27. Kg3 Bd7 $14) 25... f6 26. Qg7+ Ke6 27. Rxd8 ({Less strong is} 27. Qxh7 Qxh2+ 28. Ke1 Qh1+ 29. Kd2 Qxf3 $14) 27... Qxh2+ 28. Ke1 {[%emt 0:01:00][%csl Gd8][%cal Rg7d7,Bf2e1,Be1d2,Bd2c1][%mdl 32] [#]} Qh1+ 29. Kd2 Qh2+ 30. Kc1 {[%emt 0:00:00][%csl Gd8][%cal Rg7d7] White mates.} Qh1+ 31. Bd1 Kf5 32. Rd5+ {[%emt 0:00:00] Black got outplayed after the opening.   Weighted Error Value: White=0.10 (very precise) /Black=0.88} 1-0

[Event "Bangabandhu Premier Div League 2022"]
[Site "Dhaka"]
[Date "2022.12.02"]
[Round "3.7"]
[White "Kushagra Mohan"]
[Black "Parveen, Tanima"]
[Result "1-0"]
[ECO "C96"]
[WhiteElo "2390"]
[BlackElo "1967"]
[Annotator "TA"]
[PlyCount "113"]
[EventDate "2022.11.30"]
[EventType "team-tourn"]
[EventCountry "BAN"]
[SourceTitle "playchess.com"]
[Source "ChessBase"]
[SourceQuality "1"]
[TimeControl "40/5400+30:1800+30"]

1. e4 e5 2. Nf3 Nc6 3. Bb5 a6 4. Ba4 Nf6 5. O-O b5 6. Bb3 Be7 7. Re1 d6 8. c3 O-O 9. h3 Na5 10. Bc2 c5 11. d4 cxd4 12. cxd4 Qc7 13. d5 {[%emt 0:00:15] C96: Closed Ruy Lopez: Chigorin Defence: 11 d4, replies other than 11...Qc7.} (13. Nc3 $14) 13... Bd7 $11 14. Nbd2 Rfc8 15. Bd3 {[%emt 0:03:16] The position is equal.} Nb7 16. Nb3 a5 17. Be3 a4 18. Rc1 Qd8 19. Rxc8 Rxc8 20. Nbd2 Nc5 21. Bb1 Qa5 {[%emt 0:09:00] [#]} 22. a3 $146 (22. Bc2 $11 {might be stronger.}) ({Predecessor:} 22. Bxc5 Rxc5 23. Nf1 Qc7 24. Qd2 Qc8 25. Ng3 g6 26. Ne2 Nh5 27. Rc1 {½-½ (70) Flak,J (2061)-Slapak,Z (2173) Slovakia 2008}) 22... b4 $1 $17 23. Nc4 Qb5 24. Bxc5 Rxc5 25. Bd3 Qb8 26. Qd2 b3 27. Rc1 Qc7 28. Qb4 $1 Bb5 29. Nfd2 Nh5 {[%emt 0:04:12] And now ...Bg5 would win.} 30. Rd1 (30. Rc3 $11) 30... Nf4 (30... g6 $17 31. Kh2 (31. Nxe5 $2 dxe5 32. d6 Bxd6 $19) 31... Qa7) 31. Bf1 $15 h6 32. Kh2 (32. h4 $15) 32... Kh7 (32... Bg5 $17 {Threatens to win with ...Nh5.} 33. g3 Nh5) 33. g3 $11 Nh5 34. h4 {[%emt 0:00:00] [#] Inhibits Bg5.} (34. Ne3 $11 Bd7 35. Ndc4) 34... Nf6 (34... Bxh4 $1 $17 {aiming for ...Bg5.} 35. gxh4 Qd8) 35. Ne3 Bd7 36. Bd3 Ng4+ 37. Nxg4 Bxg4 38. Rf1 Bd7 39. Nb1 {[%emt 0:00:00] [#]} ({Better is} 39. Kg2 $15) 39... Rc1 $2 (39... Bd8 $1 $19 40. Qe1 Qc8) 40. Nc3 $36 {[%emt 0:00:00][%mdl 2048] White fights for an advantage.} Qa7 {[%emt 0:02:11] [#]} (40... Rxf1 41. Bxf1 Qc5 42. Qxc5 dxc5 43. Kg2 $14) (40... Rxc3 $1 $11 {keeps the balance.} 41. bxc3 Bd8) 41. Kg1 (41. Rxc1 $2 {too greedy.} Qxf2+ 42. Kh1 Qxg3 $19) (41. Kg2 $1 $16 Rxf1 42. Bxf1) 41... Rxf1+ 42. Kxf1 {[%emt 0:00:00] Hoping for Bb5.} Qc7 ({Black should try} 42... Bd8 $14) 43. Bb5 $18 Qc8 (43... Bh3+ 44. Kg1 Qc8 45. Qxa4 (45. Bxa4 Qg4 $14) 45... Bxh4) 44. Bxd7 ({Not} 44. Qxa4 Bh3+ 45. Ke1 Bd8 46. Qxb3 Bb6 $18) 44... Qxd7 45. Qxa4 {[%emt 0:00:00][%mdl 4096] Endgame KQB-KQN} Qh3+ 46. Ke1 Bf6 $2 (46... Bd8 47. Qxb3 Ba5) 47. Qxb3 g5 48. hxg5 Bxg5 49. Qc4 Bc1 50. Nd1 (50. Qb5 $18) 50... Qh1+ $11 51. Ke2 Qh5+ 52. g4 Qxg4+ 53. Ke1 Qg1+ 54. Qf1 Qg5 55. Qd3 {[%emt 0:00:00] Inhibits Qd2+. Black must now prevent Qf3.} Qh5 {[%emt 0:00:56] Prevents Qf3.} ({Black should play} 55... Qg4 $1 $14) 56. a4 (56. Nc3 $16) 56... Qh1+ $2 (56... Qg4 {was worth a try.} 57. Ne3 Bxe3 58. Qxe3 h5) 57. Ke2 {[%emt 0:00:00] Weighted Error Value: White=0.30/Black=0.44} 1-0

[Event "Bangabandhu Premier Div League 2022"]
[Site "Dhaka"]
[Date "2022.12.02"]
[Round "3.8"]
[White "Harikrishnan.A.Ra"]
[Black "Jabed Al Azad"]
[Result "1-0"]
[ECO "D02"]
[WhiteElo "2409"]
[BlackElo "2084"]
[Annotator "TA"]
[PlyCount "101"]
[EventDate "2022.11.30"]
[EventType "team-tourn"]
[EventCountry "BAN"]
[SourceTitle "playchess.com"]
[Source "ChessBase"]
[SourceQuality "1"]
[TimeControl "40/5400+30:1800+30"]

1. d4 d5 2. Nf3 Nf6 3. c3 c6 4. Qc2 g6 5. Bf4 Bf5 6. Qb3 {[%emt 0:00:05] D02: 1 d4 d5 2 Nf3 sidelines, including 2...Nf6 3 g3 and 2...Nf6 3 Bf4.} Qb6 7. h3 Nbd7 8. Nbd2 {[%emt 0:00:12] The position is equal.} h5 9. e3 {[%emt 0:03:20] [#]} Bg7 $146 ({Predecessor:} 9... Be4 10. Ng5 Bh6 11. h4 Bf5 12. f3 Rc8 13. a4 Nf8 14. a5 Qxb3 15. Nxb3 N6d7 {1-0 (38) Zurek,M (2390)-Pannwitz,J Pardubice 1993}) 10. Be2 Ne4 11. Nxe4 Bxe4 12. O-O Bxf3 13. Bxf3 e5 14. Bh2 Qxb3 15. axb3 exd4 16. cxd4 (16. exd4 $142 O-O 17. Be2) 16... O-O 17. g4 hxg4 18. hxg4 f5 19. Bd6 Rf6 20. Bf4 Re6 (20... a6 $11) 21. b4 $16 Nf6 {[%emt 0:00:00] Against b5} 22. gxf5 gxf5 23. Rfc1 {[%emt 0:06:59] White is more active.} Ne4 24. Bxe4 ({White should try} 24. b5 $1 $16) 24... fxe4 $11 25. b5 a6 26. bxa6 bxa6 27. Ra5 Bf8 {[%emt 0:00:00] Against Rac5} 28. Rca1 Bd6 29. Bxd6 Rxd6 30. Rxa6 Rxa6 31. Rxa6 $14 {[%emt 0:00:06][%mdl 4096] Endgame KR-KR} Kf7 32. Kg2 Ke7 33. Ra7+ Kd8 34. Rg7 Rf6 35. b4 Kc8 36. Ra7 {[%emt 0:02:06] Threatens to win with Ra6.} Rg6+ 37. Kf1 {[%emt 0:01:32] Black must now prevent Ra6.} Rh6 38. Kg2 Rg6+ 39. Kh2 Rf6 40. Kg3 Rf3+ 41. Kg2 Rf6 $2 {[%emt 0:08:36] [#] Black cannot hold the game after this.} (41... Kb8 $11 {and Black stays safe.} 42. Rh7 Rf6) 42. Ra6 $1 $18 Rg6+ 43. Kf1 {[%emt 0:00:15] Hoping for b5.} Kb7 {[%emt 0:04:31] [#]} 44. b5 {[%emt 0:00:10] aiming for Rxc6.} Rh6 (44... Rg5) 45. Rxc6 Rh1+ (45... Rxc6 46. bxc6+ Kxc6 47. f3 exf3 48. Kf2 Kd7 49. Kxf3 Ke7 50. Kg4) (45... Rh5 46. Rf6 Rh8) 46. Kg2 Rh5 47. Rf6 {[%emt 0:00:00] Kg3 is the strong threat.} Kc7 $2 (47... Rg5+ 48. Kf1 Rg7) 48. Kg3 {[%emt 0:00:00] White is clearly winning.} Rg5+ 49. Kf4 Rg2 50. Ke5 Rg5+ 51. Rf5 {[%emt 0:00:00] Weighted Error Value: White=0.12 (very precise) /Black=0.33} 1-0

[Event "Bangabandhu Premier Div League 2022"]
[Site "Dhaka"]
[Date "2022.12.02"]
[Round "3.8"]
[White "Jannatul, Ferdous"]
[Black "Chowdhury, Sohel"]
[Result "1/2-1/2"]
[ECO "B41"]
[WhiteElo "1861"]
[BlackElo "2004"]
[Annotator "TA"]
[PlyCount "74"]
[EventDate "2022.12.01"]
[EventCountry "BAN"]
[SourceTitle "playchess.com"]
[Source "ChessBase"]
[SourceQuality "1"]
[TimeControl "40/5400+30:1800+30"]

1. e4 c5 2. Nf3 e6 3. d4 cxd4 4. Nxd4 a6 5. c4 Nf6 6. Nc3 Qc7 7. a3 b6 8. Be3 Bb7 9. f3 d6 10. Be2 Be7 11. O-O {[%emt 0:00:00] White is more active.} O-O {[%emt 0:00:00] 11...Nbd7 deserves study. B41: Sicilian: Kan Variation: 5 c4.} 12. Rc1 Nbd7 13. b4 Rac8 {[%emt 0:00:00] White is slightly better.} 14. Nb3 Rfe8 15. Kh1 Ne5 16. Na4 Nfd7 17. Qd2 Bc6 18. Nc3 Bb7 19. Na4 Bc6 $1 20. Nc3 Qb8 (20... Bb7 $11) 21. Rfd1 (21. f4 $14 {is superior.} Ng6 22. Nd4) 21... Ba8 $11 22. Na4 Bc6 (22... b5 $5 23. Nb2 d5 $11) 23. Nc3 Ba8 24. Na4 Bc6 {[%emt 0:00:00] [#]   Weighted Error Value: White=0.16 (very precise) /Black=0.09 (flawless)} {Predecessor:} 25. Nb2 $146 Nf6 26. a4 Ba8 27. a5 bxa5 28. Nxa5 d5 29. c5 dxe4 30. f4 Neg4 31. Bxa6 Rcd8 32. Bd4 e3 33. Qe1 Qxf4 34. Qg3 Rxd4 35. Qxf4 Rxf4 36. c6 Nf2+ 37. Kg1 Nxd1 {0-1 (31) Tari,A (2521)-Hansen,E (2573) Berlin 2015} 1/2-1/2

[Event "Bangabandhu Premier Div League 2022"]
[Site "Dhaka"]
[Date "2022.12.02"]
[Round "3.9"]
[White "Murshed, Niaz"]
[Black "abzid, Rahman"]
[Result "1-0"]
[ECO "E08"]
[WhiteElo "2419"]
[BlackElo "2043"]
[Annotator "TA"]
[PlyCount "71"]
[EventDate "2022.11.30"]
[EventType "team-tourn"]
[EventCountry "BAN"]
[SourceTitle "playchess.com"]
[Source "ChessBase"]
[SourceQuality "1"]
[TimeControl "40/5400+30:1800+30"]

1. Nf3 d5 2. c4 e6 3. g3 Nf6 4. Bg2 Be7 5. O-O O-O 6. d4 c6 7. Qc2 Nbd7 8. Rd1 b6 9. b3 Bb7 {[%emt 0:04:48] 9...Bb7 scores better than 9...Ba6.} 10. Nc3 Qc8 11. Bb2 Ba6 {[%emt 0:04:49] E08: Closed Catalan: Main Line: 7 Qc2.} 12. Nd2 b5 $1 {[%emt 0:01:14] [#]} 13. Ncb1 $146 ({Predecessor:} 13. e4 dxc4 14. bxc4 bxc4 15. Nf1 Rd8 16. Ne3 Rb8 17. Ne2 Qc7 18. Rab1 Qa5 19. Bc3 {½-½ (101) Maletin,P (2581)-Bivol,A (2350) St Petersburg 2015}) 13... bxc4 {[%emt 0:06:15] The position is equal.} 14. bxc4 Nb6 15. c5 Nc4 16. Nxc4 Bxc4 17. e4 Qa6 18. e5 Ne4 {[%emt 0:12:31] [#]} (18... Ne8 $14 {should be considered.}) 19. f3 $1 $16 Be2 {[%emt 0:12:16] Loses the game.} (19... Nxc5 $16 20. dxc5 Bxc5+ 21. Bd4 Bxd4+ 22. Rxd4 c5) 20. fxe4 $18 {[%emt 0:01:42] And now Rd2 would win.} Bxd1 21. Qxd1 Rab8 22. Bf1 Qb7 23. Bc3 dxe4 $2 (23... Bg5 {is a better defense.} 24. exd5 exd5) 24. Nd2 {[%emt 0:01:55] White is clearly winning.} e3 25. Ne4 Qd7 26. Qf3 f5 27. exf6 Bxf6 28. Qxe3 Kh8 29. Nxf6 Rxf6 30. d5 e5 31. Bxe5 Re8 32. Qd4 Rf7 33. d6 Qf5 34. Re1 {[%emt 0:03:23][%cal Oe5g7] [#] White threatens Bxg7+! and mate.} Rb8 35. Bd3 Qh3 36. Qh4 {[%emt 0:01:35] Weighted Error Value: White=0.02 (flawless) /Black=0.42} (36. d7 $142 Qxd7 37. Qe4) 1-0